AoeStats
← bumbsbomba74

Oasis

509613324Analyzed
3v3 RM · 6d ago on Sep 27, 2026· 53m 47s· 6 players
Game mode
Random Map
Map size
Normal (6 player)
Population
200
Speed
Normal
Resources
Standard
Victory
Conquest
Starting age
Dark Age
Ending age
Imperial Age
RankedLock teamsTeams togetherTeam positionsShared explorationLock speedFull tech treeHidden civsTurbo modeCheats
Victory
Defeat
🇩🇪 Tatars · Germany
1245
+9
🇩🇪 Britons · Germany
1139
+13
🇩🇪 Poles · Germany
1058
+16
🇹🇷 Slavs · Türkiye
1202
-17
🇹🇷 Gurjaras · Türkiye
1038
-11
🇹🇷 Romans · Türkiye
991
-10
gokaydesign
2:33 Loom
11:29 Feudal Age
12:23 Town Watch
14:10 Wheelbarrow
13:25 Double-Bit Axe
16:36 Horse Collar
22:20 Castle Age
21:28 Scale Mail Armor
23:01 Forging
22:30 Pikeman
23:39 Stone Mining
23:40 Gold Mining
23:56 Squires
24:50 Hand Cart
27:34 Husbandry
29:11 Gold Shaft Mining
30:41 Chain Mail Armor
30:31 Scale Barding Armor
31:20 Heavy Plow
36:29 Imperial Age
34:01 Town Patrol
33:57 Elite Skirmisher
34:52 Padded Archer Armor
35:20 Bloodlines
35:33 Bow Saw
36:42 Man-at-Arms
38:12 Leather Archer Armor
38:17 Chain Barding Armor
38:24 Long Swordsman
39:58 Light Cavalry
41:19 Fletching
42:04 Iron Casting
42:00 Ring Archer Armor
42:04 Legionary
45:40 Ballistas
45:55 Conscription
48:25 Crop Rotation
ozkanda
9:47 Loom
11:45 Feudal Age
16:06 Double-Bit Axe
16:03 Horse Collar
20:13 Castle Age
23:31 Stone Mining
23:52 Bow Saw
36:24 Imperial Age
40:54 Wheelbarrow
43:28 Chemistry
44:08 Padded Archer Armor
46:23 Ballistics
50:09 Thumb Ring
1453sultan
5:55 Loom
10:26 Feudal Age
16:20 Town Watch
19:07 Castle Age
17:14 Double-Bit Axe
17:37 Horse Collar
25:31 Bow Saw
26:22 Wheelbarrow
25:51 Heavy Plow
27:34 Hand Cart
31:35 Imperial Age
29:34 Detinets
30:31 Scale Barding Armor
30:36 Forging
31:22 Husbandry
31:32 Bloodlines
32:38 Chain Barding Armor
31:44 Capped Ram
34:27 Crop Rotation
34:44 Plate Barding Armor
36:21 Iron Casting
36:01 Elite Boyar
37:09 Conscription
40:12 Blast Furnace
43:59 Padded Archer Armor
44:48 Fletching
44:46 Elite Skirmisher
45:43 Bodkin Arrow
46:03 Leather Archer Armor
47:35 Ballistics
48:15 Chemistry
51:48 Two-Man Saw
50:19 Light Cavalry
Panda
10:20 Loom
13:07 Feudal Age
17:53 Castle Age
16:47 Double-Bit Axe
17:17 Fletching
18:22 Padded Archer Armor
19:50 Crossbowman
23:55 Bodkin Arrow
30:43 Wheelbarrow
32:38 Hand Cart
32:48 Leather Archer Armor
38:57 Imperial Age
36:53 Horse Collar
37:25 Bow Saw
38:49 Ballistics
38:59 Arbalester
39:56 Bracer
40:27 Ring Archer Armor
41:00 Chemistry
40:24 Yeomen
40:44 Heavy Plow
41:47 Two-Man Saw
42:14 Pikeman
43:03 Scale Mail Armor
43:14 Forging
49:32 Onager
drive
10:28 Feudal Age
14:15 Castle Age
12:43 Double-Bit Axe
14:01 Horse Collar
14:14 Gold Mining
14:23 Stone Mining
15:34 Loom
17:44 Gold Shaft Mining
17:42 Heavy Plow
18:02 Bow Saw
23:02 Wheelbarrow
22:54 Scale Mail Armor
23:10 Scale Barding Armor
24:25 Bloodlines
25:13 Hand Cart
25:59 Chain Barding Armor
27:55 Forging
29:11 Iron Casting
32:51 Imperial Age
30:07 Town Watch
30:51 Fletching
33:17 Bodkin Arrow
33:23 Padded Archer Armor
33:17 Elite Keshik
34:21 Conscription
34:43 Husbandry
34:06 Elite Steppe Lancer
34:18 Light Cavalry
35:45 Caravan
37:36 Blast Furnace
37:13 Plate Barding Armor
36:40 Bracer
36:57 Leather Archer Armor
38:15 Timurid Siegecraft
38:15 Heavy Plow
39:35 Ballistics
40:16 Chemistry
38:58 Treadmill Crane
39:41 Ballistics
40:22 Chemistry
40:20 Silk Armor
41:13 Crop Rotation
42:38 Ring Archer Armor
42:45 Coinage
42:25 Guilds
42:19 Hussar
42:23 Heavy Cavalry Archer
46:15 Siege Engineers
46:06 Guard Tower
49:14 Scale Mail Armor
bumbsbomba74
6:07 Loom
6:40 Loom
8:52 Feudal Age
9:29 Double-Bit Axe
10:17 Horse Collar
19:41 Castle Age
18:11 Scale Mail Armor
20:36 Heavy Plow
21:12 Bow Saw
23:27 Chain Mail Armor
23:04 Arson
23:25 Fletching
24:14 Gold Mining
30:00 Imperial Age
28:08 Wheelbarrow
28:40 Forging
28:59 Chain Mail Armor
28:58 Stone Mining
29:46 Squires
31:02 Stone Shaft Mining
31:33 Plate Mail Armor
32:23 Conscription
33:09 Iron Casting
33:20 Elite Obuch
35:51 Blast Furnace
37:46 Hand Cart
38:10 Bodkin Arrow
39:06 Pikeman
43:49 Chemistry
44:31 Crop Rotation
46:36 Szlachta Privileges
46:39 Scale Barding Armor
46:16 Light Cavalry
47:07 Bloodlines
46:57 Husbandry
46:47 Cavalier
49:18 Chain Barding Armor
Connection lost

Rejoining the realm…

Still unreachable

The connection could not be restored.

Session expired

The server has moved on; the page needs a fresh start.